[Event "ICC tourney 2606 (40 5)"]
[Site "Internet Chess Club"]
[Date "2021.06.13"]
[Round "6"]
[White "LEVKOV, DANIEL:K12-14218690"]
[Black "HUNG, DANIEL:K12-14504425"]
[Result "1-0"]
[ICCResult "Black resigns"]
[WhiteElo "2159"]
[BlackElo "2185"]
[Opening "French: Réti (Spielmann) variation"]
[ECO "C00"]
[NIC "FR.01"]
[Time "17:00:23"]
[PlyCount "57"]
[TimeControl "2400+5"]

1. e4 e6 2. b3 d5 3. Bb2 Nf6 4. Nc3 dxe4 5. Qe2 Be7 6. O-O-O Nbd7 7. g4 h6
8. Bg2 Nc5 9. h4 Rg8 10. g5 Nd5 11. Nxe4 Nf4 12. Qf3 Nxg2 13. Qxg2 Nxe4 14.
Qxe4 hxg5 15. Qh7 Kf8 16. hxg5 Bxg5 17. Nf3 Bf6 18. d4 Qe7 19. Qe4 g6 20.
Ne5 Rh8 21. Rxh8+ Bxh8 22. Rh1 Bg7 23. Kb1 Rb8 24. Qf4 Bxe5 25. dxe5 Ke8
26. Rh8+ Kd7 27. Qd4+ Kc6 28. Qxa7 Qc5 29. Qxb8 { Black resigns } 1-0

[Event "ICC tourney 2606 (40 5)"]
[Site "Internet Chess Club"]
[Date "2021.06.13"]
[Round "6"]
[White "LADAN, NICHOLAS:K12-15092641"]
[Black "TSAY, VINCENT:K12-15297685"]
[Result "1-0"]
[ICCResult "Black checkmated"]
[WhiteElo "2095"]
[BlackElo "2392"]
[Opening "Queen's gambit declined"]
[ECO "D30"]
[NIC "QP.08"]
[Time "17:00:09"]
[PlyCount "69"]
[TimeControl "2400+5"]

1. d4 d5 2. c4 e6 3. Nf3 Nf6 4. g3 g6 5. Bg2 Bg7 6. O-O O-O 7. Qc2 Nbd7 8.
Rd1 c6 9. Nbd2 b6 10. e4 dxe4 11. Nxe4 Nxe4 12. Qxe4 Ba6 13. Bg5 Qc8 14.
Ne5 Nxe5 15. dxe5 Bb7 16. h4 Qc7 17. Bf6 h5 18. Bf3 Rfb8 19. c5 bxc5 20.
Bxh5 gxh5 21. Qe3 Kh7 22. Qg5 Bh6 23. Qxh5 Rg8 24. Rd6 Rg6 25. Rad1 Qb6 26.
Rd7 Rf8 27. Be7 Rfg8 28. Bg5 Rf8 29. Bxh6 Rxh6 30. Rxf7+ Rxf7 31. Qxf7+ Kh8
32. Qf8+ Kh7 33. Rd7+ Kg6 34. Rg7+ Kh5 35. Qf3# { Black checkmated } 1-0

[Event "ICC tourney 2606 (40 5)"]
[Site "Internet Chess Club"]
[Date "2021.06.13"]
[Round "6"]
[White "CHASIN, NICO WERNER:K12-14955471"]
[Black "OSKIPER, CONSTANTINE:K12-14338863"]
[Result "0-1"]
[ICCResult "White resigns"]
[WhiteElo "2389"]
[BlackElo "1909"]
[Opening "Grünfeld: Grünfeld gambit, Capablanca variation"]
[ECO "D83"]
[NIC "GI.03"]
[Time "17:00:07"]
[PlyCount "108"]
[TimeControl "2400+5"]

1. d4 Nf6 2. c4 g6 3. Nc3 d5 4. Bf4 Bg7 5. e3 O-O 6. Rc1 Be6 7. Qb3 c6 8.
Qxb7 Nbd7 9. c5 Rc8 10. Ba6 Qa5 11. a4 Nb8 12. Be2 Nbd7 13. b4 Qd8 14. Qxa7
Ne4 15. Ba6 Ra8 16. Qb7 Ndxc5 17. bxc5 Qa5 18. Bc7 Qxa6 19. Qxa6 Rxa6 20.
Nxe4 dxe4 21. a5 f5 22. f4 exf3 23. Nxf3 Bd5 24. Bb6 f4 25. Rc3 Bxf3 26.
gxf3 e6 27. Ke2 fxe3 28. Rxe3 Kf7 29. Kd3 Bf6 30. Rhe1 Bh4 31. R1e2 Re8 32.
f4 Bd8 33. Rb2 Bf6 34. Bc7 h5 35. Kc4 Re7 36. Bb6 Rd7 37. Re4 Bg7 38. Rbe2
Bf6 39. Rxe6 Rxd4+ 40. Kb3 Rd3+ 41. Kc2 Ra3 42. Rxc6 Ra2+ 43. Kd3 Rxe2 44.
Kxe2 Bc3 45. Kd3 Bxa5 46. Rc7+ Ke6 47. Rg7 Kf5 48. Rf7+ Ke6 49. Rb7 Bb4 50.
c6 Bd6 51. Ke4 Ra4+ 52. Bd4 Bxf4 53. Rg7 Rxd4+ 54. Kf3 Kf6 { White resigns
} 0-1

[Event "ICC tourney 2606 (40 5)"]
[Site "Internet Chess Club"]
[Date "2021.06.13"]
[Round "6"]
[White "GRABINSKY, JOSHUA:K12-14729181"]
[Black "OBEROI, SHELEV:K12-14961028"]
[Result "1/2-1/2"]
[ICCResult "Game drawn because neither player has mating material"]
[WhiteElo "2315"]
[BlackElo "2285"]
[Opening "Scotch game"]
[ECO "C45"]
[NIC "SO.04"]
[Time "17:00:06"]
[PlyCount "171"]
[TimeControl "2400+5"]

1. e4 e5 2. Nf3 Nc6 3. d4 exd4 4. Nxd4 Bb4+ 5. c3 Be7 6. Be3 Nf6 7. Nd2 d5
8. Nxc6 bxc6 9. Be2 O-O 10. Qc2 Ng4 11. Bxg4 Bxg4 12. h3 Bh5 13. exd5 Bg6
14. Qa4 cxd5 15. O-O Bd6 16. Nf3 Bd3 17. Rfe1 c5 18. Bf4 Bxf4 19. Qxf4 Qb8
20. Qxb8 Raxb8 21. Ne5 Bb5 22. Rad1 Rfd8 23. Rd2 f6 24. Ng4 Kf7 25. Red1
Ba4 26. b3 Bc6 27. Ne3 Ke6 28. Re1 Kf7 29. Nf5 Rb7 30. f4 g6 31. Nh6+ Kg7
32. Ng4 h5 33. Ne3 Re8 34. Nc2 Rxe1+ 35. Nxe1 c4 36. b4 a5 37. a3 axb4 38.
axb4 Ra7 39. Kf2 Ra3 40. Rc2 Kf7 41. Ke3 Ba4 42. Rc1 Ke6 43. g4 hxg4 44.
hxg4 Kd6 45. Nf3 Bd7 46. g5 fxg5 47. Nxg5 Ra8 48. Nf7+ Ke7 49. Ne5 Bf5 50.
Rg1 Kd6 51. Rd1 Ke6 52. Nc6 Kd6 53. Ne5 Ke6 54. Kd4 Kd6 55. Nf7+ Ke6 56.
Nh6 Be4 57. Kc5 Rc8+ 58. Kb6 Rh8 59. Ng4 Kf5 60. Ne3+ Kxf4 61. Nxd5+ Ke5
62. Ne7 Rh3 63. Rc1 g5 64. b5 g4 65. Nc6+ Kd6 66. Rd1+ Rd3 67. Re1 Bf3 68.
Nd4 g3 69. Nf5+ Kd7 70. Nxg3 Rxc3 71. Nf5 Rb3 72. Re7+ Kd8 73. Rg7 Rd3 74.
Ne7 c3 75. Nc6+ Ke8 76. Rc7 c2 77. Ne5 Rd6+ 78. Ka7 Rc6 79. Rxc6 Bxc6 80.
Nd3 Bxb5 81. Nc1 Ke7 82. Kb6 Bf1 83. Kc5 Ke6 84. Kd4 Kf5 85. Kc3 Ke4 86.
Kxc2 { Game drawn because neither player has mating material } 1/2-1/2

[Event "ICC tourney 2606 (40 5)"]
[Site "Internet Chess Club"]
[Date "2021.06.13"]
[Round "6"]
[White "MOOR, NATHANIEL PHILIP:K12-15012516"]
[Black "JONES, JACOB BENJAMIN:K12-16585267"]
[Result "1-0"]
[ICCResult "Black resigns"]
[WhiteElo "2219"]
[BlackElo "1891"]
[Opening "Scandinavian defense"]
[ECO "B01"]
[NIC "SD.03"]
[Time "17:00:06"]
[PlyCount "89"]
[TimeControl "2400+5"]

1. e4 d5 2. exd5 Nf6 3. d4 Bg4 4. Bb5+ Nbd7 5. f3 Bf5 6. Nc3 a6 7. Bd3 Bxd3
8. Qxd3 Nb6 9. Bd2 Nfxd5 10. Nxd5 Qxd5 11. b3 e5 12. dxe5 Qxe5+ 13. Qe2
Qxe2+ 14. Nxe2 O-O-O 15. O-O-O Ba3+ 16. Kb1 Rhe8 17. Ng3 Bc5 18. c4 Bd4 19.
Kc2 g6 20. Rhe1 Bg7 21. Bg5 f6 22. Bf4 Bf8 23. Rxd8+ Rxd8 24. Re6 Nd7 25.
Bd2 b6 26. h4 Nc5 27. Rxf6 Be7 28. Rf4 Bd6 29. Rg4 Bxg3 30. Rxg3 Ne6 31.
Bc3 Re8 32. Rg4 Nc5 33. Kd2 Nb7 34. Rg5 Nd6 35. h5 Re6 36. hxg6 hxg6 37.
Re5 Kd7 38. Ke3 Nf5+ 39. Kf4 Rxe5 40. Bxe5 c6 41. g4 Ne7 42. Kg5 b5 43. Bf6
bxc4 44. Bxe7 Kxe7 45. bxc4 { Black resigns } 1-0

[Event "ICC tourney 2606 (40 5)"]
[Site "Internet Chess Club"]
[Date "2021.06.13"]
[Round "6"]
[White "LU, MAXIMILLIAN:K12-14732597"]
[Black "KUNG, THOMAS:K12-14583075"]
[Result "1-0"]
[ICCResult "Black resigns"]
[WhiteElo "2430"]
[BlackElo "2286"]
[Opening "Anderssen's opening"]
[ECO "A00"]
[NIC "VO.14"]
[Time "17:00:11"]
[PlyCount "49"]
[TimeControl "2400+5"]

1. a3 e5 2. c4 Nf6 3. Nc3 d5 4. cxd5 Nxd5 5. e4 Nf6 6. Nf3 Nc6 7. Bb5 Bd6
8. d4 exd4 9. Qxd4 O-O 10. Bxc6 bxc6 11. Bg5 c5 12. Qe3 Ng4 13. Qd2 Qe8 14.
O-O-O Rb8 15. Rhe1 Ne5 16. Nxe5 Bxe5 17. Be3 Qc6 18. f4 Bxc3 19. Qxc3 Bg4
20. Rd5 Be6 21. Rg5 g6 22. Rxc5 Qa4 23. f5 Rb3 24. Qf6 Rxe3 25. Rxe3 {
Black resigns } 1-0

[Event "ICC tourney 2606 (40 5)"]
[Site "Internet Chess Club"]
[Date "2021.06.13"]
[Round "6"]
[White "ORUGANTI, SURAJ:K12-15521792"]
[Black "PULLABHOTLA, VENKATA:K12-15472194"]
[Result "1-0"]
[ICCResult "Black forfeits on time"]
[WhiteElo "1771"]
[BlackElo "2094"]
[Opening "Sicilian: Alapin's variation (2.c3)"]
[ECO "B22"]
[NIC "SI.47"]
[Time "17:00:06"]
[PlyCount "81"]
[TimeControl "2400+5"]

1. e4 c5 2. c3 Nf6 3. e5 Nd5 4. d4 cxd4 5. cxd4 d6 6. Nf3 e6 7. Bc4 Nc6 8.
O-O Be7 9. Bd2 O-O 10. Nc3 Nxc3 11. Bxc3 d5 12. Bd3 Bb4 13. Qd2 Qe7 14. Ng5
h6 15. Nh7 Bxc3 16. bxc3 Rd8 17. Rfe1 Na5 18. Nf6+ Kf8 19. Nh5 Qh4 20. Qd1
Nc4 21. Bxc4 dxc4 22. Re3 Qe7 23. Rg3 g6 24. Nf6 Kg7 25. h4 Rh8 26. h5 Bd7
27. Qg4 Be8 28. Rb1 Rb8 29. a4 b6 30. Rb4 Rc8 31. d5 exd5 32. hxg6 fxg6 33.
Qxc8 Qxe5 34. Qb7+ Bf7 35. Qxa7 Qxf6 36. Rxb6 Qf5 37. Rbxg6+ Qxg6 38. Rxg6+
Kxg6 39. Qb6+ Kg7 40. a5 Re8 41. a6 { Black forfeits on time } 1-0

[Event "ICC tourney 2606 (40 5)"]
[Site "Internet Chess Club"]
[Date "2021.06.13"]
[Round "6"]
[White "LIU, LEONARDO:K12-14879663"]
[Black "BIRADAVOLU, ASRITH:K12-14190950"]
[Result "0-1"]
[ICCResult "White resigns"]
[WhiteElo "2042"]
[BlackElo "1490"]
[Opening "Sicilian: closed, 6.Be3"]
[ECO "B26"]
[NIC "SI.45"]
[Time "17:00:34"]
[PlyCount "134"]
[TimeControl "2400+5"]

1. e4 c5 2. Nc3 d6 3. g3 g6 4. Bg2 Bg7 5. d3 Nc6 6. Be3 Nf6 7. h3 O-O 8.
Nge2 a6 9. O-O Rb8 10. Qd2 b5 11. Bh6 Bb7 12. Bxg7 Kxg7 13. f4 e6 14. g4 h6
15. Ng3 Ne7 16. f5 Nh7 17. Nce2 e5 18. c3 Nc6 19. Rf2 Qg5 20. Qc2 a5 21.
Kh2 b4 22. Ng1 bxc3 23. bxc3 Ba6 24. Nf3 Qe3 25. Bf1 Ng5 26. Nxg5 Qxg5 27.
Be2 Rb7 28. Raf1 Rfb8 29. fxg6 fxg6 30. a4 Nd8 31. Qa2 Qe7 32. Qd5 Qe6 33.
c4 Qxd5 34. exd5 Rf7 35. Ne4 Rxf2+ 36. Rxf2 Nf7 37. Kg3 Rb3 38. Rf3 Ra3 39.
Bd1 Ng5 40. Nxg5 hxg5 41. h4 e4 42. dxe4 gxh4+ 43. Kxh4 Rxf3 44. Bxf3 Bxc4
45. Kg5 Bb3 46. Kf4 Bxa4 47. e5 dxe5+ 48. Kxe5 Kf7 49. d6 Ke8 50. Kd5 Bd7
51. Kxc5 g5 52. Kb6 a4 53. Kc5 a3 54. Bd5 Bxg4 55. Kb4 Kd7 56. Kxa3 Kxd6
57. Bg2 Ke5 58. Kb2 Kf4 59. Kc3 Ke3 60. Bc6 Bf5 61. Kb2 g4 62. Kc1 Be4 63.
Bd7 g3 64. Bh3 Kf2 65. Kd2 Bf3 66. Kd3 Be2+ 67. Kd2 Bf1 { White resigns }
0-1

[Event "ICC tourney 2606 (40 5)"]
[Site "Internet Chess Club"]
[Date "2021.06.13"]
[Round "6"]
[White "WANG, JUSTIN:K12-14930904"]
[Black "GUO, ARTHUR:K12-14772092"]
[Result "1/2-1/2"]
[ICCResult "Game drawn by repetition"]
[WhiteElo "2540"]
[BlackElo "2447"]
[Opening "QGD: 4.Nf3"]
[ECO "D37"]
[NIC "QI.01"]
[Time "17:00:56"]
[PlyCount "115"]
[TimeControl "2400+5"]

1. d4 Nf6 2. c4 e6 3. Nf3 d5 4. Nc3 dxc4 5. e4 b5 6. e5 Nd5 7. Nxb5 Nb6 8.
Be2 Nc6 9. O-O Be7 10. Qd2 Bb7 11. Rd1 Qd7 12. Na3 Bxa3 13. bxa3 Ne7 14.
Qc2 Qc6 15. a4 Qxa4 16. Qxa4+ Nxa4 17. Bxc4 Bxf3 18. gxf3 Nb6 19. Ba6 f6
20. Ba3 Ned5 21. Rac1 fxe5 22. Re1 exd4 23. Rxe6+ Kf7 24. Re4 Rad8 25. Bb5
Nc3 26. Rf4+ Kg8 27. Bd3 g5 28. Rf5 Rd5 29. Rxd5 Ncxd5 30. Bc5 Kf7 31. Bxd4
Rd8 32. Bb5 Ke6 33. Re1+ Kd6 34. Be5+ Kc5 35. Bd3 h5 36. a3 Kc6 37. Bg6 h4
38. Rc1+ Kb7 39. Be4 c6 40. Kh1 Re8 41. Bd6 Re6 42. Bc5 Nf4 43. Rg1 Re5 44.
Bd6 Re6 45. Bxf4 gxf4 46. Rg7+ Kb8 47. Kg2 Nc4 48. a4 Nd2 49. Bd3 c5 50.
Rd7 c4 51. Bf5 Re5 52. Bc2 c3 53. Rd3 Rc5 54. Kh3 Nf1 55. Rd4 Nd2 56. Rd3
Nf1 57. Rd4 Nd2 58. Rd3 { Game drawn by repetition } 1/2-1/2

[Event "ICC tourney 2606 (40 5)"]
[Site "Internet Chess Club"]
[Date "2021.06.13"]
[Round "6"]
[White "GUNDAM, ROHIT:K12-14908373"]
[Black "WHITE, GABRIEL:K12-14675560"]
[Result "0-1"]
[ICCResult "White resigns"]
[WhiteElo "2190"]
[BlackElo "1889"]
[Opening "QGD semi-Slav"]
[ECO "D43"]
[NIC "SL.03"]
[Time "17:00:13"]
[PlyCount "96"]
[TimeControl "2400+5"]

1. d4 d5 2. Nf3 Nf6 3. c4 c6 4. Nc3 e6 5. cxd5 exd5 6. Bg5 Bd6 7. e3 Bg4 8.
Qb3 b6 9. Ne5 Be6 10. Be2 h6 11. Bh4 O-O 12. O-O c5 13. f4 Be7 14. f5 c4
15. Qc2 Bc8 16. Bf3 Bb7 17. Nxc4 Nbd7 18. Nd2 Rc8 19. Qd3 Re8 20. Rae1 a6
21. a4 Nb8 22. Kh1 Qd7 23. g4 Nc6 24. Rg1 Nb4 25. Qb1 Nh7 26. Bf2 Bf6 27.
Bg2 Ng5 28. h4 Nh7 29. Nf3 Bc6 30. Bh3 Bxa4 31. Nxa4 Qxa4 32. g5 hxg5 33.
hxg5 Be7 34. f6 Rc2 35. Bh4 Bd6 36. g6 Nxf6 37. gxf7+ Kxf7 38. Ng5+ Ke7 39.
Rg2 Rh8 40. Nf3 Rxg2 41. Kxg2 Qc2+ 42. Qxc2 Nxc2 43. Re2 Nb4 44. e4 dxe4
45. Rxe4+ Kf7 46. Ne5+ Bxe5 47. Rxe5 Rxh4 48. Re6 Rxh3 { White resigns }
0-1

[Event "ICC tourney 2606 (40 5)"]
[Site "Internet Chess Club"]
[Date "2021.06.13"]
[Round "6"]
[White "BONAM, SAIGAUTAM:K12-14765995"]
[Black "LANCMAN, KYLE B:K12-15146021"]
[Result "1/2-1/2"]
[ICCResult "Game drawn because neither player has mating material"]
[WhiteElo "2193"]
[BlackElo "1993"]
[Opening "Catalan opening"]
[ECO "E00"]
[NIC "CA.01"]
[Time "17:00:03"]
[PlyCount "124"]
[TimeControl "2400+5"]

1. d4 Nf6 2. c4 e6 3. g3 Bb4+ 4. Nd2 c5 5. a3 Bxd2+ 6. Qxd2 cxd4 7. Nf3 b6
8. Bg2 Bb7 9. Qxd4 O-O 10. b4 d5 11. Bb2 dxc4 12. Qxc4 Nbd7 13. O-O Rc8 14.
Qb3 Qe7 15. Rac1 Ne4 16. Rfd1 Ndf6 17. Ne5 Rxc1 18. Rxc1 Rc8 19. Rxc8+ Bxc8
20. Nc6 Qd7 21. Qc2 Nd6 22. e4 Bb7 23. e5 Nd5 24. Nxa7 Nf5 25. Qd3 g6 26.
h4 Qa4 27. Nb5 Ba6 28. Bf1 Bb7 29. Nd4 Nxd4 30. Bxd4 Qc6 31. Bg2 b5 32. Kh2
h5 33. Be4 Kg7 34. Qc2 Nxb4 35. Bxc6 Nxc2 36. Bxb7 Nxd4 37. Kg2 Nc2 38. Kf3
Nxa3 39. Ke4 b4 40. Kd4 Kf8 41. Be4 Nb5+ 42. Kc4 Nc3 43. Bf3 Na4 44. Kxb4
Nb6 45. Be4 Nd7 46. f4 Ke7 47. Kc4 Kd8 48. Kb5 Kc7 49. Bc6 Nb6 50. Be8 Nd5
51. Bxf7 Nc3+ 52. Kc4 Ne2 53. Bxe6 Nxg3 54. Kd5 Kd8 55. Bf7 Nf5 56. Bxg6
Ne7+ 57. Ke6 Nxg6 58. Kf6 Nxf4 59. Kg5 Nd3 60. Kxh5 Nxe5 61. Kg5 Nf3+ 62.
Kg4 Nxh4 { Game drawn because neither player has mating material } 1/2-1/2

[Event "ICC tourney 2606 (40 5)"]
[Site "Internet Chess Club"]
[Date "2021.06.13"]
[Round "6"]
[White "YOO, EUGENE CHOI:K12-14862820"]
[Black "KUMARAPPAN, GANESH:K12-14920281"]
[Result "1-0"]
[ICCResult "Black checkmated"]
[WhiteElo "2191"]
[BlackElo "2001"]
[Opening "Neo-Grünfeld, 6.O-O c6"]
[ECO "D78"]
[NIC "GI.02"]
[Time "17:01:04"]
[PlyCount "113"]
[TimeControl "2400+5"]

1. d4 Nf6 2. Nf3 g6 3. g3 Bg7 4. Bg2 O-O 5. O-O d5 6. c4 c6 7. Qb3 dxc4 8.
Qxc4 b5 9. Qb3 Bb7 10. a4 a6 11. Bf4 Nbd7 12. Nc3 Qb6 13. Rfd1 Rad8 14. h3
Rfe8 15. Ne5 e6 16. a5 Qa7 17. Nxc6 Qa8 18. d5 Rc8 19. Bd6 Bf8 20. Bxf8
Kxf8 21. Nb4 Rc4 22. e4 Nc5 23. Qa3 Kg7 24. Rac1 Ncd7 25. b3 Rcc8 26. Qb2
Kg8 27. g4 Nc5 28. dxe6 Rxe6 29. Ncd5 Ncxe4 30. Nc7 Rxc7 31. Rxc7 Qb8 32.
Qc2 Kg7 33. Re1 Ba8 34. Nd3 Re8 35. Nf4 Ng5 36. Rxe8 Nxe8 37. Qc3+ Kh6 38.
Rc8 Qxf4 39. Bxa8 Nd6 40. Rh8 b4 41. Qe3 Qf6 42. h4 Qxh8 43. hxg5+ Kg7 44.
Qe5+ Kg8 45. Qxd6 Qa1+ 46. Kg2 Qxa5 47. Qf6 Qb5 48. Qd8+ Kg7 49. Qd4+ Kg8
50. Bd5 a5 51. Qe5 Qd7 52. f3 a4 53. bxa4 Qxa4 54. Qe7 Qc2+ 55. Kh3 Qc8 56.
Qxf7+ Kh8 57. Qf6# { Black checkmated } 1-0

[Event "ICC tourney 2606 (40 5)"]
[Site "Internet Chess Club"]
[Date "2021.06.13"]
[Round "6"]
[White "CLASBY, DEREK:K12-15194211"]
[Black "MCCOY, OWEN:K12-14447115"]
[Result "1-0"]
[ICCResult "Black resigns"]
[WhiteElo "2286"]
[BlackElo "2251"]
[Opening "Sicilian: Najdorf, Adams attack"]
[ECO "B90"]
[NIC "SI.14"]
[Time "17:00:10"]
[PlyCount "135"]
[TimeControl "2400+5"]

1. e4 c5 2. Nf3 d6 3. d4 cxd4 4. Nxd4 Nf6 5. Nc3 a6 6. h3 e6 7. g4 b5 8.
Bg2 Bb7 9. g5 b4 10. gxf6 bxc3 11. fxg7 Bxg7 12. bxc3 Qc7 13. Bd2 Nd7 14.
Qh5 Nc5 15. Qh4 Be5 16. Rb1 Rg8 17. Bf3 Qe7 18. Qxe7+ Kxe7 19. Ke2 Bxe4 20.
Rb4 Bxf3+ 21. Kxf3 Rgc8 22. Rg1 Kd7 23. Rg4 h5 24. Rg5 Rh8 25. Nb3 Rac8 26.
Ke2 Nxb3 27. cxb3 Bxc3 28. Rb7+ Kc6 29. Rxf7 Bxd2 30. Kxd2 Rcf8 31. Rxf8
Rxf8 32. Ke3 Rh8 33. h4 e5 34. f4 exf4+ 35. Kxf4 d5 36. Ke3 Kc5 37. Kd3 a5
38. a3 Rf8 39. b4+ axb4 40. axb4+ Kxb4 41. Rxd5 Rh8 42. Kd4 Rh6 43. Ke5 Kc4
44. Rd4+ Kc5 45. Rd8 Kc6 46. Kf5 Kc7 47. Rd4 Ra6 48. Rd5 Rd6 49. Ra5 Kd7
50. Re5 Rd4 51. Kg5 Rg4+ 52. Kxh5 Rg1 53. Rg5 Rh1 54. Re5 Rg1 55. Kh6 Kd6
56. Re8 Kd7 57. Re2 Ra1 58. h5 Ra5 59. Kg6 Ra6+ 60. Kg7 Ra5 61. h6 Rg5+ 62.
Kf6 Rh5 63. Kg6 Rh1 64. Re4 Rg1+ 65. Kh5 Rh1+ 66. Rh4 Ra1 67. h7 Ra8 68.
Kg6 { Black resigns } 1-0